 Dungeon Crawl Stone Soup version 0.13-a0-2001-g039544c (webtiles) character file.

391 Broomstick the Vexing (level 5, -3/36 HPs)
             Began as a Demonspawn Enchanter on June 25, 2013.
             Slain by a phantom (8 damage)
             ... on Level 4 of the Dungeon.
             The game lasted 00:51:34 (3633 turns).

Broomstick the Vexing (Demonspawn Enchanter)        Turns: 3633, Time: 00:51:34

HP  -3/36        AC  4     Str 10      XL: 5   Next: 85%
MP   0/10        EV 12     Int 21      God:
Gold 144         SH  0     Dex 13      Spells:  5 memorised,  1 level left

Res.Fire  : . . .   See Invis. : .   a - +2 dagger {=f}
Res.Cold  : . . .   Warding    : .   b - +1 robe (curse)
Life Prot.: . . .   Conserve   : .   (no shield)
Res.Poison: .       Res.Corr.  : .   (no helmet)
Res.Elec. : .       Clarity    : .   (no cloak)
Sust.Abil.: . .     Spirit.Shd : .   B - +0 pair of gauntlets
Res.Mut.  : .       Stasis     : .   (no boots)
Res.Rott. : +       Flight     : .   h - amulet of faith
Saprovore : + . .                    k - ring of invisibility
                                     r - +4 ring of intelligence

@: very slightly contaminated, somewhat resistant to hostile enchantments,
fairly stealthy
A: foul stench 1, magic resistance 1, regeneration 1, saprovore 1, Int +1
a: Evoke Invisibility


You were on level 4 of the Dungeon.
You were not hungry.

You visited 1 branch of the dungeon, and saw 5 of its levels.

You collected 124 gold pieces.

Inventory:

Hand weapons
 a - a +2,+2 dagger (weapon) {=f}
 o - a +0,+0 sling
Missiles
 d - 34 darts (quivered)
 j - 88 stones
 l - 16 poisoned sling bullets
 u - 20 darts of dispersal
 x - 30 poisoned needles
Armour
 b - a cursed +1 robe (worn)
 w - a +0 shield
 B - a +0 pair of gauntlets (worn)
Comestibles
 f - 2 bread rations
 m - 4 meat rations
 q - a choko
 t - an apple
 G - 6 sultanas
Scrolls
 g - 3 scrolls of remove curse {unknown}
 v - a scroll of curse armour
 y - 3 scrolls of identify
 z - a scroll of recharging {unknown}
 C - a scroll of enchant weapon II
 E - a scroll of teleportation
 F - a scroll of enchant weapon I
Jewellery
 e - an uncursed amulet of rage
 h - an amulet of faith (around neck)
 k - a ring of invisibility (right hand)
 r - a +4 ring of intelligence (left hand)
Potions
 n - a potion of cure mutation
 p - a potion of curing
 s - a potion of restore abilities {unknown}
Books
 c - a book of Maledictions

   Spells                             Type                      Level
   *Corona                            Hexes                        1
   Sure Blade                         Hexes/Charms                 2
   *Ensorcelled Hibernation           Hexes/Ice                    2
   *Confuse                           Hexes                        3
   Enslavement                        Hexes                        4
   Invisibility                       Hexes                        6
 i - a book of Minor Magic

   Spells                             Type                      Level
   *Magic Dart                        Conjuration                  1
   Blink                              Translocation                2
   Call Imp                           Summoning                    2
   Repel Missiles                     Charms/Air                   2
   *Slow                              Hexes                        2
   Conjure Flame                      Conjuration/Fire             3
   Mephitic Cloud                     Conjuration/Poison/Air       3


   Skills:
 + Level 2.2 Fighting
 + Level 2.2 Short Blades
 - Level 0.8 Throwing
 - Level 2.1 Dodging
 - Level 1.7 Stealth
 - Level 0.3 Unarmed Combat
 * Level 3.1 Spellcasting
 + Level 1.2 Conjurations
 + Level 3.6 Hexes


You had one spell level left.
You knew the following spells:

 Your Spells              Type           Power        Failure   Level  Hunger
a - Corona                Hex            ###....      3%          1    None
b - Ensorcelled Hibernat  Hex/Ice        ##....       12%         2    ##.....
c - Magic Dart            Conj           #...         12%         1    None
d - Confuse               Hex            ###.....     12%         3    ###....
e - Slow                  Hex            ###.....     6%          2    ##.....


Dungeon Overview and Level Annotations

Branches:
Dungeon (5/27)             Temple (0/1) D:5

Altars:
Fedhas
Kikubaaqudgha


Innate Abilities, Weirdness & Mutations

You emit a foul stench, and are resistant to rotting and decay.
You can tolerate rotten meat.
Your mind is acute (Int +1).
You are resistant to hostile enchantments.
Your natural rate of healing is unusually fast.


Message History

The phantom is outlined in light.
The phantom barely misses you.
You barely miss the phantom.
The phantom is severely damaged.
The phantom closely misses you.
You hit the phantom.
The phantom is almost destroyed.
You hit the phantom.
The phantom is almost destroyed.
The phantom closely misses you.
You closely miss the phantom.
The phantom is almost destroyed.
The phantom hits you.
* * * LOW HITPOINT WARNING * * *
You barely miss the phantom.
The phantom is almost destroyed.
The phantom hits you but does no damage.
You hit the phantom.
The phantom is almost destroyed.
The phantom hits you!
You die...

####..#.......######..###........
...)..................###........
......###.#.#.####......#........
......# #.#.#.# #......#........
......###.(...####......#........
......((...................p.(.<.
...(....(((...##.##++##.#########
........(..((....# #.#
.......##(......@# #Z#
##.....##..##...p# #.#
#.######........# #.# #.
##.#####.######.# #.# #........#
#.# #.##.#############
#.#####.##..............
#.......##.#######......
#......(.#.# #......


You could see a phantom.

Vanquished Creatures
  A centaur skeleton (D:4)
  A worker ant (D:4)
  6 adders
  A giant mite (D:4)
  3 worms
  A giant gecko (D:2)
  An ooze (D:3)
  An orc (D:5)
  3 giant cockroaches
  12 hobgoblins
  15 jackals
  7 kobolds
  2 quokkas (D:2)
  A ball python (D:3)
  7 bats
  A giant gecko skeleton (D:4)
  5 giant newts
  9 goblins
  11 rats
88 creatures vanquished.

Notes
Turn   | Place    | Note
--------------------------------------------------------------
     0 | D:1      | Broomstick, the Demonspawn Enchanter, began the quest for the Orb.
     0 | D:1      | Reached XP level 1. HP: 13/13 MP: 3/3
   419 | D:1      | Gained mutation: You can tolerate rotten meat. [demonic ancestry]
   419 | D:1      | Reached XP level 2. HP: 19/19 MP: 1/4
   784 | D:1      | Learned a level 2 spell: Ensorcelled Hibernation
   941 | D:1      | Gained mutation: Your natural rate of healing is unusually fast. [potion of mutation]
   941 | D:1      | Gained mutation: Your mind is acute (Int +1). [potion of mutation]
   941 | D:1      | Gained mutation: You are resistant to hostile enchantments. [potion of mutation]
  1128 | D:2      | Reached skill level 1 in Fighting
  1333 | D:2      | Reached XP level 3. HP: 24/24 MP: 6/6
  1347 | D:2      | Reached skill level 1 in Short Blades
  1444 | D:2      | Learned a level 1 spell: Magic Dart
  2064 | D:3      | Reached XP level 4. HP: 30/30 MP: 2/8
  2086 | D:3      | Learned a level 3 spell: Confuse
  2662 | D:4      | Gained mutation: You emit a foul stench, and are resistant to rotting and decay. [demonic ancestry]
  2662 | D:4      | Reached XP level 5. HP: 16/36 MP: 8/10
  2689 | D:4      | Learned a level 2 spell: Slow
  2964 | D:4      | Noticed a phantom
  3042 | D:4      | Reached skill level 1 in Conjurations
  3053 | D:5      | Entered Level 5 of the Dungeon
  3243 | D:5      | Found a staircase to the Ecumenical Temple.
  3362 | D:4      | Found an ancient bone altar of Kikubaaqudgha.
  3362 | D:4      | Found a blossoming altar of Fedhas.
  3633 | D:4      | Slain by a phantom

Action                   |  1- 3 |  4- 6 || total
-------------------------+-------+-------++-------
Melee: Dagger            |   192 |   239 ||   431
 Fire: Sling             |     1 |       ||     1
Throw: Stone             |     2 |       ||     2
       Dart              |    15 |    78 ||    93
 Cast: Corona            |    20 |    24 ||    44
       Magic Dart        |     9 |     6 ||    15
       Ensorcelled Hiber |     1 |     7 ||     8
       Slow              |       |     6 ||     6
       Confuse           |       |     5 ||     5
  Use: Scroll            |     7 |     5 ||    12
       Potion            |     3 |     3 ||     6
 Stab: Sleeping          |     2 |     4 ||     6
